 Dungeon Crawl Stone Soup version 0.24.0-1-gfbc8707122 (webtiles) character file.

Game seed: 8979938642450203013, levelgen mode: deterministic

46 Sphyrna the Digger (level 3, -4/20 HPs)
             Began as a Gargoyle Earth Elementalist on Oct 28, 2019.
             Slain by a gnoll
             ... wielding a cursed -1 halberd
              (6 damage)
             ... on level 1 of the Dungeon.
             The game lasted 00:09:17 (1901 turns).

Sphyrna the Digger (Gargoyle Earth Elementalist)    Turns: 1901, Time: 00:09:18

Health: -4/20      AC:  6    Str: 11    XL:     3   Next: 66%
Magic:  5/6        EV: 12    Int: 16    God:
Gold:   56         SH:  0    Dex: 10    Spells: 2/6 levels left

rFire    . . .     SeeInvis .   j - +2 short sword (holy)
rCold    . . .     Gourm    .   (no shield)
rNeg     + . .     Faith    .   c - +0 robe
rPois    ∞         Spirit   .   (no helmet)
rElec    +         Reflect  .   (no cloak)
rCorr    .         Harm     .   (no gloves)
MR       .....                  g - +0 pair of boots
Stlth    ++........             (no amulet)
HPRegen  0.06/turn              (no ring)
MPRegen  0.10/turn              (no ring)

@: no status effects
A: negative energy resistance 1, electricity resistance, unbreathing,
petrification resistance, rot immunity, AC +3
a: no special abilities


You were on level 1 of the Dungeon.
You were not hungry.

You visited 1 branch of the dungeon, and saw 2 of its levels.

You collected 56 gold pieces.

Inventory:

Hand Weapons
 j - a +2 short sword of holy wrath (weapon)
   (You took it off a kobold on level 1 of the Dungeon)
Missiles
 b - 118 stones (quivered)
Armour
 c - a +0 robe (worn)
 g - a +0 pair of boots (worn)
   (You found it on level 1 of the Dungeon)
Jewellery
 o - a +2 ring of intelligence {unknown}
   (You found it on level 2 of the Dungeon)
Scrolls
 a - a scroll of noise {unknown}
 e - a scroll of identify {unknown}
 i - a scroll of enchant weapon {unknown}
 k - a scroll of enchant armour {unknown}
 m - a scroll of remove curse {unknown}
 p - a scroll of random uselessness {unknown}
Potions
 f - 2 potions of berserk rage {unknown}
 h - a potion of invisibility {unknown}
 n - a potion of might {unknown}
Comestibles
 d - a ration {!d}
 l - a chunk of flesh


   Skills:
 + Level 1.5 Fighting
 - Level 1.5 Dodging
 - Level 2.1 Stealth
 + Level 2.4 Spellcasting
   Level 0.7 Transmutations
 * Level 4.6 Earth Magic


You had 2 spell levels left.
You knew the following spells:

 Your Spells              Type           Power        Failure   Level  Hunger
a - Sandblast             Erth           ###...       3%          1    #......
b - Stone Arrow           Conj/Erth      #.....       22%         3    ###....

Your spell library contained the following spells:

 Spells                   Type           Power        Failure   Level  Hunger
 Passwall                 Tmut/Erth      ##......     10%         2    ###....
 Petrify                  Tmut/Erth      ##......     54%         4    #####..
 Lee's Rapid Deconstruct  Erth           ###.......   63%         5    ######.


Dungeon Overview and Level Annotations

Branches:
Dungeon (2/15)

Altars:


Innate Abilities, Weirdness & Mutations

You are resistant to torment.
Your stone body is resilient. (AC +3)
You are immune to poison.
You resist negative energy. (rN+)
You are resistant to electric shocks. (rElec)
You can survive without breathing.
You are immune to petrification.
You are immune to rotting.


Message History

You are feeling hungry.
You hit the frilled lizard.
You kill the frilled lizard!
No target in view!
Eating one of 14 chunks of flesh.
You eat one of the 14 chunks of flesh.
Some of the chunks of flesh in your inventory have rotted away.
Found 24 stones.
b - 119 stones (gained 24)
You see here a frilled lizard skeleton.
You now have 56 gold pieces (gained 13).
Some of the chunks of flesh in your inventory have rotted away.
Found a stone staircase leading up.
Some of the chunks of flesh in your inventory have rotted away.
A leopard gecko comes into view.
The helpless leopard gecko fails to defend itself.
You hit the leopard gecko.
The leopard gecko bites you but does no damage.
You barely miss the leopard gecko.
The leopard gecko bites you but does no damage.
The leopard gecko closely misses you.
You hit the leopard gecko.
You kill the leopard gecko!
No target in view!
You see here a leopard gecko corpse.
You butcher the leopard gecko corpse.
l - 3 chunks of flesh (gained 1)
You see here a leopard gecko skeleton.
There is a stone staircase leading up here.
You see here a hand axe.
Some of the chunks of flesh in your inventory have rotted away.
Done exploring.
Done exploring.
There is a stone staircase leading up here.
You climb upwards.
Level annotation: exclusion: gnoll
There is a stone staircase leading down here.
The gnoll is too close now for your liking.
The gnoll shouts!
The gnoll closely misses you.
You hit the gnoll.
The gnoll hits you with a cursed -1 halberd!
You closely miss the gnoll.
The gnoll hits you with a cursed -1 halberd!
Ouch! That really hurt!
* * * LOW HITPOINT WARNING * * *
Aim: a gnoll, wielding a -1 halberd (lightly wounded)
The blast of sand hits the gnoll!
b - 118 stones The gnoll hits you with a cursed -1 halberd.
You die...

..........# #.................
..........######.................
..........##.....................
..........##......##########.....
..........##......# #.....
..........##......# ###...
..........##......# #...
..........##......# #...
..........##....@.# ####
..........##....g.#
..........##......#
######....############### #....#
#..........# ###### #..........#
## #..........# #.
#############..........# #.
#......................# #.


You could see a gnoll.

Vanquished Creatures
  An adder (D:2)
  2 dart slugs
  A leopard gecko (D:2)
  3 giant cockroaches
  6 goblins
  4 hobgoblins (D:2)
  2 ball pythons (D:2)
  4 bats
  3 frilled lizards (D:2)
  3 kobolds (D:1)
  5 rats
34 creatures vanquished.

Notes
Turn   | Place    | Note
-------+----------+-------------------------------------------
     0 | D:1      | Sphyrna the Gargoyle Earth Elementalist began the quest for
                  | the Orb.
     0 | D:1      | Reached XP level 1. HP: 10/10 MP: 3/3
   375 | D:1      | Reached skill level 4 in Earth Magic
   375 | D:1      | Reached XP level 2. HP: 10/16 MP: 1/5
  1254 | D:2      | Reached skill level 1 in Fighting
  1288 | D:2      | Reached XP level 3. HP: 19/20 MP: 6/6
  1293 | D:2      | Learned a level 3 spell: Stone Arrow
  1901 | D:1      | Slain by a gnoll

Levels and vault maps discovered:
D:1:      dpeg_arrival_rhombus, layout_basic, serial_curves, eino_curves_02,
          eino_curves_02
D:2:      layout_rooms

Skill      XL: |  1  2 |
---------------+-------+-----
Earth Magic    | 4 |  4.6
Fighting       | 1 |  1.5
Dodging        | |  1.5
Stealth        | |  2.1
Spellcasting   | |  2.4
Transmutations | |  0.7

Action                   || total
-------------------------++-------
Melee: Unarmed           ||    74
       Short sword       ||    79
 Cast: Sandblast         ||     5
 Stab: Sleeping          ||     3
  Eat: Chunk             ||     3
Armor: Robe              ||    54
Dodge: Dodged            ||   113
